 Dungeon Crawl Stone Soup version 0.20.0-4-g10b340a (webtiles) character file.

229946 kuniqs the Bringer of Light (level 19, -1/176 (177) HPs)
             Began as a Minotaur Fighter on May 27, 2017.
             Was the Champion of the Shining One.
             Killed from afar by an iron giant (67 damage)
             ... with an iron shot
             ... created by the effects of Hell
             ... on level 7 of the Iron City of Dis.
             The game lasted 00:48:46 (23131 turns).

kuniqs the Bringer of Light (Minotaur Fighter)     Turns: 23131, Time: 00:48:46

HP:   -1/176 (177)  AC: 29    Str: 35    XL:     19   Next: 11%
MP:   22/30         EV: 15    Int:  5    God:    the Shining One [******]
Gold: 104           SH: 16    Dex: 11    Spells: 18/18 levels left

rFire    + + .     SeeInvis .   Y - +9 double sword (holy)
rCold    . . .     Gourm    .   c - +1 shield
rNeg     + + +     Faith    .   V - +2 plate armour {rF+}
rPois    +         Spirit   .   R - +2 hat
rElec    +         Reflect  .   S - +1 cloak {rPois}
rCorr    .         Harm     .   z - +2 pair of gloves
MR       ++...     NoTele   +   I - +0 pair of boots
Stlth    ..........             (no amulet)
Regen    0.4/turn               k - ring of Iptydwy {-Tele +Fly rElec MR+ Str+7}
MPRegen  0.3/turn               Z - ring of protection from fire

@: glowing
A: retaliatory headbutt, horns 2, screaming 1, sturdy frame 1
a: Divine Shield, Cleansing Flame, Summon Divine Warrior, Renounce Religion,
Evoke Flight


You were on level 7 of the Iron City of Dis.
You worshipped the Shining One.
The Shining One was exalted by your worship.
You were not hungry.

You visited 6 branches of the dungeon, and saw 33 of its levels.

You collected 1098 gold pieces.
You spent 994 gold pieces at shops.

Inventory:

Hand Weapons
 Y - a +9 double sword of holy wrath (weapon)
Armour
 c - a +1 shield (worn)
 z - a +2 pair of gloves (worn)
 I - a +0 pair of boots (worn)
 R - a +2 hat (worn)
 S - a +1 cloak of poison resistance (worn)
 V - a +2 plate armour of fire resistance (worn)
Jewellery
 k - the ring of Iptydwy (left hand) {-Tele +Fly rElec MR+ Str+7}
   (You found it on level 14 of the Dungeon)

   [ring of flight]

   It affects your strength (+7).
   It insulates you from electricity.
   It affects your resistance to hostile enchantments.
   It lets you fly.
   It prevents most forms of teleportation.
 J - an uncursed ring of resist corrosion
 Z - a ring of protection from fire (right hand)
Wands
 a - a wand of lightning (6/15)
 j - a wand of digging (22/24)
 x - a wand of lightning (8/15)
 C - a wand of iceblast (6/15)
 M - a wand of polymorph (8/24)
 O - a wand of enslavement (9/24)
 T - a wand of acid (9/15)
 W - a wand of acid (10/15)
 X - a wand of flame (31/48)
Scrolls
 l - 4 scrolls of identify {@r1}
 o - a scroll of immolation
 q - 4 scrolls of remove curse {@r2}
 r - 5 scrolls of teleportation
 t - 4 scrolls of enchant armour
 w - a scroll of blinking
 y - 2 scrolls of fear
 F - 2 scrolls of fog
 N - a scroll of vulnerability
Potions
 b - a potion of berserk rage
 g - a potion of resistance
 h - 3 potions of agility
 i - 5 potions of curing {@q1}
 p - 2 potions of flight
 u - a potion of might
 v - a potion of lignification
 A - a potion of haste
 D - 4 potions of heal wounds
 G - a potion of ambrosia
 H - 4 potions of mutation
Miscellaneous
 K - a fan of gales
Comestibles
 d - 10 bread rations
 e - 10 meat rations
 f - 19 fruits


   Skills:
 + Level 17.0 Fighting
 + Level 16.6 Long Blades
 + Level 16.8 Armour
 - Level 12.7 Dodging
 - Level 15.4 Shields
 + Level 17.6 Invocations


You had 18 spell levels left.
You didn't know any spells.

Dungeon Overview and Level Annotations

Branches:
Dungeon (15/15)            Temple (1/1) D:7            Lair (0/6) D:10
    Orc (0/2) D:12         Vaults (0/5) D:14         Depths (2/5) D:15
   Hell (1/1)                 Dis (7/7) Hell            Geh (7/7) Hell
    Tar (0/7) Hell
    Coc: Hell:1

Altars:
Ashenzari
Cheibriados
Dithmenos
Elyvilon
Gozag
Hepliaklqana
Kikubaaqudgha
Makhleb
Nemelex Xobeh
Okawaru
Qazlal
Ru
Sif Muna
Trog
Uskayaw
Vehumet
Xom
Yredelemnul
Zin
The Shining One

Shops:
D:7 (   D:8 *   D:10 *   Depths:1 }=}}

Portals:
Hell: Depths:1

Annotations:
D:14 exclusion: 3 doors
Depths:2 Asterion, Mara, Sojobo


Innate Abilities, Weirdness & Mutations

You reflexively headbutt those who attack you in melee.
You have a pair of horns on your head.
You occasionally shout uncontrollably at your foes.
Your movements are slightly less encumbered by armour. (ER -2)


Message History

You completely miss the iron giant. You headbutt the iron giant!
The iron giant is heavily wounded.
Your angel misses the ancient champion.
Your angel hits the ancient champion with a sacred scourge of holy wrath.
The ancient champion convulses!
You slash the iron giant!
You headbutt the iron giant, but do no damage.
The iron giant is heavily wounded.
Your angel hits the ancient champion but does no damage. x2
The iron giant points at you and mumbles some strange words.
The iron shot hits you!
The ancient champion hits you but does no damage.
You slice the iron giant!!
The iron giant is severely wounded.
Your angel hits the ancient champion but does no damage.
Your angel hits the ancient champion with a sacred scourge of holy wrath!
The ancient champion convulses.
The iron giant gestures at you while chanting.
The iron shot hits you!
You die...

........2..# ##........8.#
####........8..#
...4...........
........88.#
...........#...##'#+#
.....###'###...'...... ...8
#...z)#...#...... ..8
#..A@C##'##...... ..
#.....#.........#
######..)..'.........##
#....#....)#).........#
#....###'###..........#
#....'......).........#
#....#......)#.......#
#######'##.....).#.......##
#.....#........#####).....#


You could see an iron giant, an ancient champion and a friendly angel.

Vanquished Creatures
  Geryon (Hell)
  A Brimstone Fiend (Geh:1)
  A Tzitzimitl (Dis:7)
  3 iron giants
  An Ice Fiend (Dis:3)
  2 Hell Sentinels (Dis:7)
  A lich (Depths:1)
  Gastronok (D:10)
  7 ancient champions
  An eldritch tentacle (Dis:7)
  A revenant (Hell)
  5 balrugs
  An iron dragon (Hell)
  A fire giant (Depths:1)
  2 frost giants (Depths:1)
  9 reapers
  6 war gargoyles
  2 stone giants (Depths:1)
  4 ghouls (D:13)
  12 very ugly things
  A vampire knight (Depths:1)
  Azrael (D:15)
  4 blizzard demons
  Josephine (D:12)
  An ettin (Depths:1)
  3 quicksilver dragon zombies
  A green death (Hell)
  2 great orbs of eyes (Depths:1)
  A quicksilver dragon skeleton (Geh:1)
  An ice dragon (Depths:1)
  3 hydras
  4 vault guards (D:14)
  4 centaur warriors
  Erica (D:8)
  2 dancing weapons (Dis:5)
  An anaconda (shapeshifter) (Depths:1)
  4 ogre magi (Depths:1)
  A tengu warrior (Depths:1)
  9 hell hogs (Hell)
  2 titan zombies
  24 two-headed ogres
  2 deep troll earth magi (Depths:1)
  Urug (D:15)
  16 sun demons
  Nergalle (D:11)
  An iron golem (Dis:2)
  5 soul eaters (Hell)
  A storm dragon zombie (Geh:1)
  15 skeletal warriors
  20 hell knights
  A storm dragon skeleton (Geh:4)
  A flayed ghost (Geh:4)
  8 deep trolls (Depths:1)
  3 unseen horrors
  A swamp dragon (shapeshifter) (Depths:1)
  An anaconda zombie (Dis:2)
  A glowing orange brain (Depths:1)
  A golden dragon skeleton (Geh:5)
  2 phantasmal warriors (Dis:5)
  4 orc knights
  9 necromancers
  2 wolf spider zombies
  4 deep elf magi
  4 orc sorcerers (D:15)
  31 ugly things
  3 cyclopes
  An iron dragon zombie (Dis:3)
  3 fire giant zombies
  A stone giant zombie (Dis:5)
  2 frost giant zombies
  3 manticores
  Maurice (D:9)
  A naga mage (D:15)
  2 shock serpent zombies (Dis:3)
  An iron dragon skeleton (Dis:4)
  12 centaur zombies
  A dire elephant zombie (Dis:3)
  2 fire giant skeletons
  22 rust devils
  5 smoke demons
  2 gargoyles
  11 hellions
  A spiny frog (shapeshifter) (D:15)
  2 orange demons (Hell)
  4 freezing wraiths
  10 yaktaurs
  2 efreet (Dis:7)
  2 demonic crawlers (Hell)
  A komodo dragon (D:14)
  A guardian mummy (D:13)
  17 tormentors
  7 ice devils
  6 trolls
  The ghost of kuniqs the Shield-Bearer, an amateur MiFi (D:3)
  8 red devils
  A hydra zombie (Hell)
  A harpy zombie (Geh:4)
  A troll (shapeshifter) (D:15)
  An ettin zombie (Dis:2)
  2 hydra skeletons
  An alligator zombie (Hell)
  15 slime creatures
  2 dream sheep (D:10)
  A meliai zombie (D:15)
  6 flying skulls
  2 fire dragon zombies
  3 black mamba zombies
  4 shadows
  A centaur simulacrum (D:14)
  8 water elementals (Depths:1)
  2 vampires
  13 wraiths
  4 wyverns
  22 yaks
  13 fire elementals
  5 basilisks
  A steam dragon (D:12)
  2 hungry ghosts
  A warg (D:15)
  2 two-headed ogre zombies (D:12)
  An acid dragon (D:9)
  22 hell hounds
  3 porcupines (D:10)
  A black bear (D:10)
  8 ice beasts
  10 orc warriors
  3 snapping turtle zombies
  3 phantoms
  4 sky beasts
  An ettin simulacrum (Hell)
  A necrophage (Geh:2)
  4 eyes of draining
  A hornet zombie (D:15)
  14 ogres
  13 centaurs
  A snapping turtle skeleton (Geh:2)
  3 crocodiles
  5 big kobolds
  11 bullfrogs
  A gnoll sergeant (D:6)
  A wyvern skeleton (D:15)
  A water moccasin zombie (D:6)
  A troll zombie (D:12)
  6 scorpions
  5 killer bees (D:11)
  5 wights (Geh:1)
  9 howler monkeys
  13 crimson imps
  A quasit (D:11)
  7 hounds
  3 jellies
  12 orc priests
  8 centaur skeletons
  12 orc wizards
  Crazy Yiuf (D:7)
  14 iron imps
  2 bullfrog skeletons
  11 worker ants
  4 iguanas
  6 hell rats (Hell)
  A statue (D:7)
  2 killer bee zombies
  5 ogre zombies (D:12)
  A hound skeleton (D:8)
  3 mummies
  3 worker ant zombies
  19 gnolls
  18 adders
  A howler monkey skeleton (D:8)
  4 shadow imps
  7 white imps (Depths:1)
  An adder skeleton (D:8)
  A worm (D:2)
  A dart slug (D:2)
  4 leopard geckos
  38 orcs
  5 giant cockroaches
  6 goblins
  7 hobgoblins
  18 kobolds
  5 quokkas
  7 bats
  9 frilled lizards
  A goblin skeleton (D:12)
  A goblin zombie (D:12)
  4 hobgoblin zombies (D:12)
  A jackal skeleton (D:8)
  3 orc skeletons
  16 orc zombies (D:12)
  6 rats
  A fungus (D:7)
948 creatures vanquished.

Vanquished Creatures (collateral kills)
  An iron giant (Dis:7)
  An ancient champion (Dis:7)
  4 reapers (Dis:7)
  2 war gargoyles (Dis:7)
  A soul eater (Dis:7)
  A fire giant zombie (Dis:7)
  2 rust devils (Dis:7)
  A hellion (Dis:7)
  A tormentor (Dis:7)
  An ice devil (Dis:7)
15 creatures vanquished.

Vanquished Creatures (others)
  A human (D:3)
  A crimson imp (Depths:1)
  An orc (D:9)
  11 plants
14 creatures vanquished.

Grand Total: 977 creatures vanquished

Notes
Turn   | Place    | Note
-------+----------+-------------------------------------------
     0 | D:1      | kuniqs the Minotaur Fighter began the quest for the Orb.
     0 | D:1      | Reached XP level 1. HP: 19/19 MP: 0/0
   335 | D:1      | Reached XP level 2. HP: 24/27 MP: 1/1
   869 | D:2      | Found a snail-covered altar of Cheibriados.
  1036 | D:2      | Reached XP level 3. HP: 33/33 MP: 2/2
  1051 | D:2      | Reached skill level 1 in Dodging
  1964 | D:3      | Reached XP level 4. HP: 40/40 MP: 3/3
  2008 | D:3      | Noticed kuniqs's ghost (amateur MiFi)
  2027 | D:3      | Killed kuniqs's ghost
  2027 | D:3      | Reached skill level 5 in Fighting
  2027 | D:3      | Reached XP level 5. HP: 33/48 MP: 4/4
  2027 | D:3      | Reached XP level 6. HP: 38/56 MP: 5/5
  2360 | D:3      | Found an ancient bone altar of Kikubaaqudgha.
  2369 | D:3      | Noticed a human
  2371 | D:3      | Killed a human
  2526 | D:4      | Reached skill level 5 in Armour
  2526 | D:4      | Reached skill level 5 in Shields
  2648 | D:4      | Found a sparkling altar of Nemelex Xobeh.
  2765 | D:4      | Found a deep blue altar of Sif Muna.
  2771 | D:4      | Found a glowing silver altar of Zin.
  2955 | D:4      | Reached XP level 7. HP: 58/62 MP: 6/6
  3137 | D:5      | Entered Level 5 of the Dungeon
  3232 | D:5      | Found a sacrificial altar of Ru.
  3233 | D:5      | Found a basalt altar of Yredelemnul.
  3283 | D:5      | Found a hazy altar of Hepliaklqana.
  3301 | D:5      | Reached skill level 5 in Long Blades
  3310 | D:5      | Found a bloodstained altar of Trog.
  3861 | D:6      | Found an iron altar of Okawaru.
  4161 | D:6      | Reached XP level 8. HP: 36/71 MP: 7/7
  5051 | D:7      | Found a staircase to the Ecumenical Temple.
  5062 | Temple   | Entered the Ecumenical Temple
  5072 | Temple   | Became a worshipper of the Shining One
  5088 | D:7      | Reached skill level 5 in Dodging
  5200 | D:7      | Found a hide-covered altar of Uskayaw.
  5210 | D:7      | Reached skill level 1 in Invocations
  5224 | D:7      | Got a bloodstained rapier
  5225 | D:7      | Identified the +0 rapier "Ranwompoul" {drain, rC++} (You found it on level 7 of the Dungeon)
  5372 | D:7      | Found Xoezuyfe's Antique Weapon Shoppe.
  5378 | D:7      | Bought a runed scimitar for 168 gold pieces
  5411 | D:7      | Found a radiant altar of Vehumet.
  5843 | D:7      | Found a runed door.
  5847 | D:7      | Noticed Crazy Yiuf
  5861 | D:7      | Killed Crazy Yiuf
  5929 | D:8      | Reached XP level 9. HP: 79/79 MP: 9/9
  6017 | D:8      | Noticed a troll
  6028 | D:8      | Killed a troll
  6250 | D:8      | Found Haweaclarph's Assorted Antiques.
  6268 | D:8      | Bought a runed chain mail for 180 gold pieces
  6489 | D:8      | Reached * piety under the Shining One
  6499 | D:8      | HP: 4/81 [orc (2)]
  6913 | D:9      | Noticed Erica
  6913 | D:9      | Noticed a two-headed ogre
  6931 | D:8      | Killed Erica
  6971 | D:8      | Gained mutation: You occasionally shout uncontrollably at your foes. [potion of mutation]
  6971 | D:8      | Gained mutation: Your movements are slightly less encumbered by armour. (ER -2) [potion of mutation]
  7009 | D:8      | Killed a two-headed ogre
  7009 | D:8      | Reached XP level 10. HP: 75/90 MP: 2/12
  7422 | D:9      | Found a shadowy altar of Dithmenos.
  7437 | D:9      | Noticed Maurice
  7447 | D:9      | Killed Maurice
  7492 | D:9      | Reached skill level 5 in Invocations
  7649 | D:10     | Entered Level 10 of the Dungeon
  7663 | D:10     | Found a staircase to the Lair.
  7663 | D:10     | Reached ** piety under the Shining One
  7692 | D:10     | Reached XP level 11. HP: 89/99 MP: 13/13
  7747 | D:10     | Noticed a two-headed ogre
  7755 | D:10     | Killed a two-headed ogre
  7784 | D:10     | Noticed a purple ugly thing
  7797 | D:10     | Killed a purple ugly thing
  7865 | D:10     | Noticed Gastronok
  7880 | D:10     | Killed Gastronok
  7880 | D:10     | Reached skill level 10 in Fighting
  7880 | D:10     | Reached skill level 10 in Armour
  7880 | D:10     | Reached skill level 10 in Shields
  7998 | D:10     | Noticed a two-headed ogre
  8003 | D:10     | Killed a two-headed ogre
  8182 | D:10     | Noticed a three-headed hydra
  8186 | D:10     | Killed a one-headed hydra
  8397 | D:10     | Found Eduuju's Assorted Antiques.
  8715 | D:11     | Identified the +5 plate armour of Dim Light {+Inv Int+4 Stlth-} (You found it on level 11 of the Dungeon)
  8738 | D:11     | Noticed a five-headed hydra
  8739 | D:11     | Noticed an orc knight
  8740 | D:11     | Noticed a deep elf mage
  8755 | D:11     | Noticed a deep elf mage
  8757 | D:11     | Killed a one-headed hydra
  8762 | D:11     | Killed a deep elf mage
  8762 | D:11     | Reached XP level 12. HP: 77/108 MP: 14/16
  8777 | D:11     | Reached skill level 10 in Long Blades
  9088 | D:11     | Identified the Incunabulum of Poison
  9111 | D:11     | Noticed a two-headed ogre
  9117 | D:11     | Killed a two-headed ogre
  9133 | D:11     | Found a hide-covered altar of Uskayaw.
  9339 | D:11     | Noticed Nergalle
  9348 | D:11     | Killed Nergalle
  9464 | D:11     | Reached *** piety under the Shining One
  9467 | D:11     | Noticed a two-headed ogre
  9478 | D:11     | Killed a two-headed ogre
  9614 | D:11     | Noticed a two-headed ogre
  9620 | D:11     | Killed a two-headed ogre
  9955 | D:12     | Reached **** piety under the Shining One
  9956 | D:12     | Noticed Josephine
  9958 | D:12     | Killed Josephine
 10278 | D:12     | Reached ***** piety under the Shining One
 10393 | D:12     | Reached XP level 13. HP: 116/117 MP: 18/18
 10755 | D:12     | Found a staircase to the Orcish Mines.
 10855 | D:13     | Noticed a ghoul
 10874 | D:13     | Killed a ghoul
 10874 | D:13     | Reached skill level 10 in Dodging
 11485 | D:13     | Noticed a ghoul
 11486 | D:13     | Noticed a ghoul
 11507 | D:13     | Killed a ghoul
 11514 | D:13     | Killed a ghoul
 11524 | D:13     | Noticed a ghoul
 11546 | D:13     | Killed a ghoul
 11675 | D:14     | Reached ****** piety under the Shining One
 12104 | D:14     | Got a scintillating amber ring
 12105 | D:14     | Identified the ring of Iptydwy {-Tele +Fly rElec MR+ Str+7} (You found it on level 14 of the Dungeon)
 12291 | D:14     | Reached XP level 14. HP: 127/127 MP: 19/19
 12553 | D:14     | Found a gate to the Vaults.
 12700 | D:15     | Entered Level 15 of the Dungeon
 12700 | D:15     | Noticed Urug
 12720 | D:15     | Killed Urug
 13180 | D:15     | Noticed Azrael
 13190 | D:15     | Killed Azrael
 13976 | D:15     | Reached skill level 10 in Invocations
 14010 | D:15     | Found a staircase to the Depths.
 14237 | Depths:1 | Entered Level 1 of the Depths
 14241 | Depths:1 | Noticed a stone giant
 14241 | Depths:1 | Noticed a lich
 14258 | Depths:1 | Killed a lich
 14266 | Depths:1 | Killed a stone giant
 14563 | Depths:2 | Noticed a brown very ugly thing
 14563 | Depths:2 | Noticed a brown very ugly thing
 14563 | Depths:2 | Noticed a brown very ugly thing
 14573 | Depths:1 | Killed a brown very ugly thing
 14629 | Depths:2 | Noticed Asterion
 14629 | Depths:2 | Noticed a frost giant
 14844 | Depths:1 | Noticed a stone giant
 14865 | Depths:1 | Killed a stone giant
 15132 | Depths:1 | Reached XP level 15. HP: 9/137 MP: 21/21
 17032 | Depths:1 | Reached skill level 15 in Fighting
 17349 | Depths:1 | Found a gateway to Hell.
 17388 | Depths:1 | Found Ciwaivuja's Jewellery Shop.
 17389 | Depths:1 | Found Yhetyen's Gadget Emporium.
 17389 | Depths:1 | Found Efufid's Gadget Emporium.
 17452 | Depths:1 | Reached XP level 16. HP: 139/149 MP: 23/23
 17481 | Depths:1 | Reached skill level 15 in Shields
 17626 | Depths:1 | Reached skill level 15 in Armour
 18077 | Depths:1 | Found Wapaq's Gadget Shop.
 18282 | Depths:2 | Noticed Sojobo
 18282 | Depths:2 | Noticed a tengu reaver
 18282 | Depths:2 | Noticed Mara
 18478 | Hell     | Entered the Vestibule of Hell
 18478 | Hell     | Noticed Geryon
 18876 | Hell     | Killed Geryon
 19181 | Hell     | Reached XP level 17. HP: 141/156 MP: 25/27
 19269 | Hell     | Identified a +9 double sword of holy wrath (a +9 double sword blessed by the Shining One)
 19269 | Hell     | Received a gift from the Shining One
 19273 | Hell     | Found a gateway to the decaying netherworld of Tartarus.
 19314 | Hell     | Reached skill level 15 in Invocations
 19569 | Hell     | Found a gateway to the ashen valley of Gehenna.
 19575 | Geh:1    | Entered Level 1 of Gehenna
 19575 | Geh:1    | Found a gateway to Hell.
 19826 | Depths:1 | Bought a wand of digging (13/24) for 646 gold pieces
 20177 | Geh:1    | Noticed a Brimstone Fiend
 20180 | Geh:1    | Killed a Brimstone Fiend
 20186 | Geh:2    | Found a gateway to Hell.
 20186 | Geh:2    | Found a gateway to Hell.
 20239 | Geh:2    | Found a gateway to Hell.
 20249 | Geh:3    | Found a gateway to Hell.
 20512 | Geh:3    | Found a gateway to Hell.
 20534 | Geh:4    | Found a gateway to Hell.
 20534 | Geh:4    | Noticed a lich
 20548 | Geh:4    | Noticed an Ice Fiend
 20559 | Geh:4    | Found a gateway to Hell.
 20564 | Geh:5    | Found a gateway to Hell.
 20761 | Geh:5    | Found a gateway to Hell.
 20764 | Geh:5    | Reached skill level 15 in Long Blades
 20771 | Geh:6    | Found a gateway to Hell.
 20789 | Geh:7    | Entered Level 7 of Gehenna
 20789 | Geh:7    | Found a gateway to Hell.
 20789 | Geh:7    | Found a gateway to Hell.
 20789 | Geh:7    | Found a gateway to Hell.
 21045 | Hell     | Found a gateway to the Iron City of Dis.
 21052 | Dis:1    | Entered Level 1 of the Iron City of Dis
 21052 | Dis:1    | Found a gateway to Hell.
 21100 | Dis:2    | Found a gateway to Hell.
 21176 | Dis:3    | Found a gateway to Hell.
 21327 | Dis:4    | Found a gateway to Hell.
 21351 | Dis:4    | Reached XP level 18. HP: 165/165 MP: 29/29
 21402 | Dis:5    | Found a gateway to Hell.
 21452 | Dis:5    | Noticed an iron giant
 21853 | Hell     | Killed an iron giant
 22125 | Dis:2    | Found a gateway to Hell.
 22155 | Dis:3    | Found a gateway to Hell.
 22188 | Dis:3    | Noticed an Ice Fiend
 22195 | Dis:3    | HP: 6/166 [Ice Fiend/bolt of cold[the effects of Hell] (47)]
 22197 | Dis:3    | Killed an Ice Fiend
 22456 | Dis:4    | Found a gateway to Hell.
 22477 | Dis:5    | Found a gateway to Hell.
 22522 | Dis:5    | Found a gateway to Hell.
 22556 | Dis:6    | Found a gateway to Hell.
 22598 | Dis:7    | Entered Level 7 of the Iron City of Dis
 22598 | Dis:7    | Found a gateway to Hell.
 22598 | Dis:7    | Found a gateway to Hell.
 22598 | Dis:7    | Found a gateway to Hell.
 22638 | Dis:7    | Noticed an iron giant
 22648 | Dis:7    | Killed an iron giant
 22657 | Dis:7    | Noticed a Hell Sentinel
 22662 | Dis:7    | Killed a Hell Sentinel
 22704 | Dis:7    | Noticed a Hell Sentinel
 22706 | Dis:7    | Killed a Hell Sentinel
 22731 | Dis:7    | Noticed an iron giant
 22740 | Dis:7    | Killed an iron giant
 22912 | Dis:7    | Noticed an iron giant
 22923 | Dis:7    | Killed an iron giant
 23021 | Dis:7    | Reached XP level 19. HP: 144/173 MP: 30/30
 23061 | Dis:7    | Noticed a Tzitzimitl
 23071 | Dis:7    | Killed a Tzitzimitl
 23121 | Dis:7    | Noticed an iron giant
 23131 | Dis:7    | Killed from afar by an iron giant

Skill      XL: |  1  2  3  4  5  6  7  8  9 10 11 12 13 14 15 16 17 18 19 |
---------------+----------------------------------------------------------+-----
Long Blades    | 3 4 5 6 7 8 9 11 12 15 16 | 16.6
Shields        | 4 5 6 7 8 9 10 11 12 13 14 15 | 15.4
Dodging        | 1 2 3 4 5 6 7 8 9 10 12 | 12.7
Fighting       | 4 5 6 7 8 9 10 11 12 13 15 16 17 | 17.0
Armour         | 4 5 7 8 9 10 11 12 13 14 15 16 | 16.8
Invocations    | 1 4 5 6 8 9 10 11 14 16 17 | 17.6

Action                   |  1- 3 |  4- 6 |  7- 9 | 10-12 | 13-15 | 16-18 | 19-21 || total
-------------------------+-------+-------+-------+-------+-------+-------+-------++-------
Melee: Long sword        |    98 |    70 |   249 |       |       |       |       ||   417
       Headbutt          |    13 |    17 |    80 |   127 |   290 |   245 |     8 ||   780
       Scimitar          |       |       |   130 |   486 |   429 |       |       ||  1045
       Falchion          |       |       |       |     7 |       |       |       ||     7
       Double sword      |       |       |       |       |   465 |   726 |    28 ||  1219
Invok: Cleansing Flame   |       |       |       |       |     1 |    56 |     2 ||    59
       Brand Weapon With |       |       |       |       |       |     1 |       ||     1
       Summon Divine War |       |       |       |       |       |     3 |       ||     3
Evoke: Wand              |       |       |       |       |       |     2 |       ||     2
  Use: Scroll            |       |       |     9 |     4 |    10 |    18 |       ||    41
       Potion            |       |       |     9 |     1 |     2 |     2 |       ||    14
  Eat: Chunk             |     3 |     4 |    14 |    12 |    18 |     6 |       ||    57
       Royal jelly       |       |       |       |       |     3 |     9 |       ||    12
       Meat ration       |       |       |       |       |       |     1 |       ||     1
Armor: Chain mail        |    51 |    13 |    18 |    65 |       |       |       ||   147
       Plate armour      |       |    12 |   178 |    88 |   313 |   308 |     8 ||   907
       Skin              |       |       |     2 |       |       |       |       ||     2
Dodge: Dodged            |    29 |    10 |   110 |   148 |   281 |   311 |     4 ||   893
Block: Shield            |    57 |    30 |   231 |   274 |   503 |   540 |     6 ||  1641
       Rpst.: Long sword |     5 |     2 |    15 |       |       |       |       ||    22
       Scimitar          |       |       |    10 |    37 |    19 |       |       ||    66
       Falchion          |       |       |       |     1 |       |       |       ||     1
       Double sword      |       |       |       |       |    47 |    62 |     1 ||   110
